 Dungeon Crawl Stone Soup version 0.28-a0-1524-ge72afd5fc6 (webtiles) character file.

Game seed: 15121857263805632052

31475 HallandMoats the Fighter (level 13, -2/122 HPs)
             Began as a Ghoul Fighter on Jan 17, 2022.
             Was a High Priest of Okawaru.
             Killed by divine providence
             ... invoked by a meliai
              (14 damage)
             ... on level 13 of the Dungeon.
             The game lasted 00:29:57 (19199 turns).

HallandMoats the Fighter (Ghoul Fighter)           Turns: 19199, Time: 00:29:57

Health: -2/122     AC: 21    Str: 21    XL:     13   Next: 58%
Magic:  14/19      EV: 14    Int:  5    God:    Okawaru [*****.]
Gold:   1927       SH: 11    Dex: 16    Spells: 12/12 levels left

rFire   . . .      SeeInvis .   E - +2 eveningstar (drain)
rCold   + + .      Faith    .   c - +1 buckler
rNeg    + + +      Spirit   .   B - +3 ring mail
rPois   ∞          Reflect  +   j - +1 helmet of Lucidity {rC+ Slay+3}
rElec   .          Harm     .   d - +0 cloak
rCorr   .          Rampage  .   (no gloves)
Will    .....                   (no boots)
Stlth   +.........              s - amulet of Bopp {Reflect Regen+ SH+5}
HPRegen 0.00/turn               n - ring of the Tortoise {AC+8}
MPRegen 0.16/turn               K - +6 ring of dexterity

@: finesse-ful, inhibited regen, hasted, very quick
A: claws 1, cold resistance 1, negative energy resistance 3, inhibited
regeneration, torment resistance 2
a: Renounce Religion, Heroism, Finesse, Duel


You were on level 13 of the Dungeon.
You worshipped Okawaru.
Okawaru was extremely pleased with you.
You visited 1 branch of the dungeon, and saw 13 of its levels.
You also visited: Sewer and Gauntlet.

You collected 1927 gold pieces.

Inventory:

Hand Weapons
 A - the +6 great mace of Pestilence {flame, *Slow Fragile rPois rF+++}
   (Okawaru gifted it to you on level 11 of the Dungeon)

   It burns those it strikes, dealing additional fire damage.
   rF:        It renders you almost immune to fire.
   rPois:     It protects you from poison.
   *Slow:     It may slow you when you take damage.
   Fragile:   It will be destroyed if unequipped.
 E - a +2 eveningstar of draining (weapon)
Missiles
 r - 4 throwing nets (quivered)
Armour
 c - a +1 buckler (worn)
 d - a +0 cloak (worn)
 j - the +1 helmet of Lucidity (worn) {rC+ Slay+3}
   (You acquired it on level 9 of the Dungeon)

   Slay:      It affects your accuracy & damage with ranged weapons and melee
   (+3).
   rC:        It protects you from cold.
 u - a +2 helmet of see invisible
 v - the +5 ring mail "Pynugeb" {+Inv rF- Will+++ Str+2}
   (You found it on level 7 of the Dungeon)

   Str:       It affects your strength (+2).
   rF:        It makes you vulnerable to fire.
   +Inv:      It lets you turn invisible.
   Will:      It greatly increases your willpower.
 B - a +3 ring mail (worn)
Jewellery
 h - a ring of fire
 n - the ring of the Tortoise (left claw) {AC+8}
   (You found it on level 3 of the Dungeon)

   [ring of protection]

   AC:        It affects your AC (+8).
 s - the amulet of Bopp (around neck) {Reflect Regen+ SH+5}
   (You found it in a Gauntlet)

   [amulet of reflection]

   It reflects blocked missile attacks.
   Regen:     It increases your rate of health regeneration.
   SH:        It affects your SH (+5).
 K - a +6 ring of dexterity (right claw)
Wands
 e - a wand of paralysis (5)
 x - a wand of digging (4)
Scrolls
 a - a scroll of amnesia
 b - 2 scrolls of fear
 i - a scroll of enchant armour
 m - 5 scrolls of teleportation
 p - 3 scrolls of fog
 q - 2 scrolls of silence
 t - a scroll of magic mapping
 D - 2 scrolls of brand weapon
 H - 3 scrolls of enchant weapon
Potions
 f - a potion of might
 g - 2 potions of curing
 k - 4 potions of brilliance
 o - 3 potions of cancellation
 w - 2 potions of resistance
 z - a potion of attraction {unknown}
 F - a potion of ambrosia {unknown}
 G - 2 potions of degeneration {unknown}
 I - a potion of heal wounds {unknown}


   Skills:
 * Level 13.5 Fighting
 * Level 11.2 Maces & Flails
 + Level 8.5 Armour
 + Level 7.8 Dodging
 - Level 4.0 Shields
 + Level 9.9 Invocations


You had 12 spell levels left.
You didn't know any spells.
Your spell library contained the following spells:

 Spells                   Type           Power      Damage    Failure   Level
 Blink                    Tloc           0%         N/A       85%         2
 Corpse Rot               Necr/Air       0%         N/A       85%         2
 Poisonous Vapours        Pois/Air       0%         N/A       85%         2
 Lesser Beckoning         Tloc           0%         N/A       97%         3
 Irradiate                Conj/Tmut      0%         3d13      100%        5
 Manifold Assault         Tloc           0%         N/A       100%        5
 Maxwell's Capacitive Co  Air            0%         ∞         100%        8
 Summon Lightning Spire   Summ/Air       Unusable   N/A       N/A         4
 Blade Hands              Tmut           Unusable   N/A       N/A         5
 Dragon Form              Tmut           Unusable   N/A       N/A         7
 Storm Form               Tmut/Air       Unusable   N/A       N/A         7

Dungeon Overview and Level Annotations

Branches:
Dungeon (13/15)            Temple (0/1) D:7            Lair (0/6) D:8
    Orc (0/2) D:9           Sewer (visited)         Gauntlet (visited)
 Vaults: D:13-14

Altars:
Cheibriados
Hepliaklqana
Kikubaaqudgha
Makhleb
Okawaru
Qazlal
Ru
Sif Muna
Uskayaw
Vehumet
Wu Jian
Yredelemnul
The Shining One

Portals:
Abyss: D:7

Annotations:
D:7 2 transporters, Foxy's ghost, novice OgHu


Innate Abilities, Weirdness & Mutations

You thrive by killing the living.
You are immune to poison.
You have sharp fingernails.
Your flesh is cold resistant. (rC+)
You are immune to negative energy. (rN+++)
You do not regenerate when monsters are visible.
You are immune to unholy pain and torment.


Message History

Something smites you! You block the meliai's attack. The meliai stings you.
You miss the meliai.
The meliai is severely wounded.
The meliai misses you. You block the meliai's attack.
The meliai barely misses you. You block the meliai's attack.
The meliai barely misses you.
The meliai stings you but does no damage.
The meliai barely misses you. The meliai closely misses you.
You closely miss the meliai.
The meliai is severely wounded.
The meliai misses you.
The meliai stings you but does no damage.
You block the meliai's attack. The meliai misses you.
The meliai calls down the wrath of its god upon you.
Something smites you!
* * * LOW HITPOINT WARNING * * *
You block the meliai's attack.
The meliai stings you but does no damage.
You barely miss the meliai.
The meliai is severely wounded.
You block the meliai's attack.
The meliai stings you but does no damage.
You block the meliai's attack. The meliai barely misses you. x2
The meliai stings you.
* * * LOW HITPOINT WARNING * * *
The meliai calls down the wrath of its god upon you.
Something smites you!
* * * LOW HITPOINT WARNING * * *
You can now deal lightning-fast blows.
The meliai closely misses you. You block the meliai's attack.
The meliai hits you with a +0 hand axe.
* * * LOW HITPOINT WARNING * * *
You block the meliai's attack. The meliai misses you.
The meliai stings you but does no damage.
You block the meliai's attack. The meliai stings you.
* * * LOW HITPOINT WARNING * * *
You feel yourself speed up.
The meliai invokes the aid of its god against you.
Something smites you!
You die...

..# #..........#
#..# ..#
#..........# #..#
..# #........[.#
#..# ..#
#..........# #..#
..# #..........#
#..# ..#
#..........# #..#
..# #..........#
#..# ..#
#.......yy.# #..#
..# #........@.#
#).# ..#
#..........# #..#
..#
#..........#####..#
..#
#.######..........#
..# #.#
#..........# .z#
#.#
#....(.....######
..# #.#
#..######.......#
..# #.# #..#
#.......#
..######.# #..#
#..####.#


You could see 2 meliai.

Vanquished Creatures
  Jorgrun (D:13)
  Rupert (D:13)
  A minotaur (Gauntlet)
  Snorg (D:10)
  Erolcha (D:10)
  A boulder beetle (D:13)
  3 hydras
  A centaur warrior (D:11)
  4 two-headed ogres
  2 death knights (D:13)
  2 thrashing horrors (Gauntlet)
  Nergalle (D:10)
  3 skeletal warriors (D:13)
  Pikel (D:4)
  A deep elf pyromancer (D:12)
  2 ugly things
  A manticore (D:12)
  2 cyclopes
  A manticore (shapeshifter) (D:13)
  2 unseen horrors
  2 gargoyles
  A komodo dragon (D:11)
  4 trolls
  A meliai (D:12)
  2 hornets
  A meliai zombie (D:11)
  5 small abominations (Gauntlet)
  3 slime creatures (D:12)
  2 shadows
  A wyvern (D:8)
  2 wraiths
  15 yaks
  9 vampire mosquitoes
  A steam dragon (D:6)
  Edmund (D:4)
  4 wargs (D:9)
  2 acid dragons (D:13)
  A large abomination (Gauntlet)
  3 sky beasts (D:7)
  6 orc warriors
  A necrophage (D:6)
  2 ogres
  11 centaurs
  2 phantoms (D:6)
  A kobold brigand (D:7)
  Blork the orc (D:5)
  5 bullfrogs
  A gnoll sergeant (D:8)
  3 scorpions
  A wyvern zombie (D:7)
  A water moccasin skeleton (D:4)
  A killer bee (D:7)
  4 wights (D:8)
  5 howler monkeys
  A crimson imp (Gauntlet)
  4 centaur zombies
  2 hounds
  2 jellies
  6 orc priests
  2 gnoll shamans
  Crazy Yiuf (D:3)
  Jessica (D:3)
  2 centaur skeletons
  4 iguanas
  10 orc wizards
  A hound skeleton (D:4)
  2 howler monkey zombies
  15 gnolls
  12 adders
  2 white imps
  An adder skeleton (D:4)
  2 worms
  2 dart slugs
  34 orcs
  15 ball pythons
  7 bats
  3 bat skeletons (D:5)
  3 bat zombies (D:5)
  15 endoplasms
  16 giant cockroaches
  3 goblins
  7 hobgoblins
  9 quokkas
  9 frilled lizards
  12 kobolds
  2 rats
344 creatures vanquished.

Vanquished Creatures (others)
  A kobold (D:7)
1 creature vanquished.

Grand Total: 345 creatures vanquished

Notes
Turn   | Place    | Note
-------+----------+-------------------------------------------
     0 | D:1      | HallandMoats the Ghoul Fighter began the quest for the Orb.
     0 | D:1      | Reached XP level 1. HP: 19/19 MP: 0/0
   119 | D:1      | Reached XP level 2. HP: 22/26 MP: 1/1
   713 | D:1      | Reached XP level 3. HP: 31/33 MP: 2/2
  1497 | D:2      | Found an iron altar of Okawaru.
  1507 | D:2      | Became a worshipper of Warmaster Okawaru
  1564 | D:2      | Reached skill level 4 in Fighting
  1564 | D:2      | Reached skill level 1 in Dodging
  1564 | D:2      | Reached XP level 4. HP: 34/40 MP: 3/3
  2116 | D:3      | Found the ring of the Tortoise {AC+8}
  2224 | D:3      | Noticed Jessica
  2245 | D:3      | Killed Jessica
  2246 | D:3      | Reached skill level 1 in Invocations
  2280 | D:3      | Found a shimmering blue altar of Sif Muna.
  2533 | D:3      | Reached XP level 5. HP: 46/46 MP: 4/4
  2866 | D:3      | Found a runed translucent door.
  2867 | D:3      | Noticed Crazy Yiuf
  2884 | D:3      | Noticed an ogre
  2898 | D:3      | Killed an ogre
  2906 | D:3      | Reached XP level 6. HP: 14/53 MP: 4/6
  3183 | D:3      | Killed Crazy Yiuf
  3304 | D:4      | Noticed Edmund
  3395 | D:4      | Reached * piety under Okawaru
  3644 | D:4      | Found a radiant altar of Vehumet.
  3644 | D:4      | Found an iron altar of Okawaru.
  3644 | D:4      | Found a stormy altar of Qazlal.
  3644 | D:4      | Found a sacrificial altar of Ru.
  3644 | D:4      | Found an ornate altar of the Wu Jian Council.
  3645 | D:4      | Identified the +2 leather armour "Nievvirgh" {Rampage *Slow
                  | rElec Regen+}
  3678 | D:4      | Killed Edmund
  3679 | D:4      | Reached skill level 5 in Fighting
  3679 | D:4      | Reached XP level 7. HP: 31/61 MP: 4/8
  3979 | D:4      | Noticed Pikel
  3996 | D:4      | Killed Pikel
  3996 | D:4      | Reached ** piety under Okawaru
  3997 | D:4      | Reached XP level 8. HP: 32/70 MP: 8/10
  4097 | D:3      | Reached skill level 6 in Fighting
  4397 | D:4      | Found a snail-covered altar of Cheibriados.
  5022 | D:5      | Entered Level 5 of the Dungeon
  5190 | D:5      | Found an ancient bone altar of Kikubaaqudgha.
  5286 | D:5      | Noticed Blork the orc
  5304 | D:5      | Killed Blork the orc
  5638 | D:6      | Reached *** piety under Okawaru
  5670 | D:5      | Reached skill level 5 in Maces & Flails
  5983 | D:6      | Reached skill level 5 in Invocations
  5983 | D:6      | Reached XP level 9. HP: 78/78 MP: 11/11
  6134 | D:6      | Reached skill level 7 in Fighting
  6195 | D:6      | Found a glowing drain.
  6229 | Sewer    | Entered a sewer
  7237 | D:7      | Found a hazy altar of Hepliaklqana.
  8007 | D:7      | Found a burning altar of Makhleb.
  8068 | D:7      | Reached **** piety under Okawaru
  8069 | D:7      | Reached skill level 5 in Armour
  8208 | D:7      | Reached skill level 8 in Fighting
  8232 | D:7      | Found a transporter.
  8242 | D:7      | Noticed a green ugly thing
  8243 | D:7      | Found a one-way gate to the infinite horrors of the Abyss.
  8323 | D:7      | Found a transporter.
  8405 | D:7      | Found a staircase to the Ecumenical Temple.
  8492 | D:7      | Identified the +5 ring mail "Pynugeb" {+Inv rF- Will+++
                  | Str+2}
  8595 | D:7      | Noticed Foxy's ghost (novice OgHu)
  8769 | D:8      | Found a staircase to the Lair.
  8793 | D:8      | Reached XP level 10. HP: 85/88 MP: 13/13
 10122 | D:9      | Reached skill level 9 in Fighting
 10158 | D:9      | Reached ***** piety under Okawaru
 10478 | D:9      | Reached skill level 5 in Dodging
 10550 | D:9      | Received a gift from Okawaru
 10603 | D:9      | HP: 4/91 [warg (12)]
 11275 | D:9      | Identified 2 scrolls of acquirement
 11284 | D:9      | Acquired 897 gold pieces
 11286 | D:9      | Acquired the +1 helmet of Lucidity {rC+ Slay+3}
 11399 | D:9      | Found a staircase to the Orcish Mines.
 11486 | D:9      | Found a basalt altar of Yredelemnul.
 11756 | D:10     | Entered Level 10 of the Dungeon
 11765 | D:10     | Noticed Nergalle
 11793 | D:10     | Killed Nergalle
 11794 | D:10     | Reached skill level 10 in Fighting
 11794 | D:10     | Reached XP level 11. HP: 99/99 MP: 8/15
 11916 | D:10     | Found a hide-covered altar of Uskayaw.
 12481 | D:10     | Noticed Snorg
 12497 | D:10     | Killed Snorg
 12587 | D:10     | Noticed Erolcha
 12608 | D:10     | Killed Erolcha
 12734 | D:10     | Noticed a two-headed ogre
 12776 | D:10     | Killed a two-headed ogre
 13760 | D:11     | Noticed a six-headed hydra
 13772 | D:11     | Killed a six-headed hydra
 13773 | D:11     | Reached skill level 11 in Fighting
 14342 | D:11     | Identified the +6 great mace of Pestilence {flame, *Slow
                  | Fragile rPois rF+++} (Okawaru gifted it to you on level 11
                  | of the Dungeon)
 14342 | D:11     | Received a gift from Okawaru
 14497 | D:11     | Noticed an eight-headed hydra
 14503 | D:11     | Killed an eight-headed hydra
 14504 | D:11     | Reached XP level 12. HP: 66/110 MP: 17/17
 14804 | D:11     | Noticed a centaur warrior
 14824 | D:11     | Killed a centaur warrior
 15173 | D:12     | Acquired a +2 eveningstar of draining
 15610 | D:12     | Received a gift from Okawaru
 15724 | D:12     | Noticed a five-headed hydra
 15734 | D:12     | Killed a five-headed hydra
 15942 | D:12     | Reached skill level 12 in Fighting
 16138 | D:12     | Noticed a seven-headed hydra
 16537 | D:12     | Reached skill level 10 in Maces & Flails
 16852 | D:13     | Noticed a two-headed ogre
 16862 | D:13     | Noticed Jorgrun
 16878 | D:13     | Found a gate leading to a gauntlet.
 16883 | Gauntlet | Entered a Gauntlet
 16883 | Gauntlet | Found a transporter.
 16883 | Gauntlet | Found a transporter.
 17213 | Gauntlet | Found a transporter.
 17217 | Gauntlet | Found a transporter.
 17228 | Gauntlet | Found a transporter.
 17229 | Gauntlet | Found a transporter.
 17245 | Gauntlet | Found a transporter.
 17250 | Gauntlet | Noticed a thrashing horror
 17250 | Gauntlet | Noticed a thrashing horror
 17251 | Gauntlet | Found a runed translucent door.
 17254 | Gauntlet | Found a transporter.
 17256 | Gauntlet | Found a runed translucent door.
 17268 | Gauntlet | Found a transporter.
 17272 | Gauntlet | Found a transporter.
 17280 | Gauntlet | Found a transporter.
 17284 | Gauntlet | Found a transporter.
 17602 | Gauntlet | Identified the amulet of Bopp {Reflect Regen+ SH+5}
 17625 | Gauntlet | Killed a thrashing horror
 17646 | Gauntlet | Killed a thrashing horror
 17669 | Gauntlet | Identified the +5 rapier of Agony {venom, Str+9 Int+4
                  | Dex-2}
 17669 | Gauntlet | Noticed a minotaur
 17682 | Gauntlet | Killed a minotaur
 17699 | D:13     | Killed a two-headed ogre
 17719 | D:13     | Killed Jorgrun
 17720 | D:13     | Reached XP level 13. HP: 69/119 MP: 14/19
 18157 | D:13     | Received a gift from Okawaru
 18655 | D:13     | Reached skill level 13 in Fighting
 18975 | D:13     | Noticed Rupert
 18984 | D:13     | Paralysed by Rupert for 7 turns
 18994 | D:13     | Killed Rupert
 18994 | D:13     | Identified the +0 robe "Picusergh" {rC++} (Okawaru gifted
                  | it to you on level 13 of the Dungeon)
 18994 | D:13     | Received a gift from Okawaru
 19199 | D:13     | Killed from afar by a meliai

Illustrated notes

Levels and vault maps discovered:
D:1:      tarquinn_simple_flora_water_f, layout_basic, minmay_splitting_lines,
          minmay_pentomino_q2
D:2:      layout_loops_cross, basic_altar, minmay_strange_pillars
D:3:      layout_loops_ring, mainiacjoe_overflow_chevrons, tgw_sif,
          minivault_14, minmay_misc_feat_secret_circle, minmay_misc_feat_tiny,
          uniq_crazy_yiuf_cottage
D:4:      minmay_polygon_palace, layout_loops_ring, kennysheep_little_box,
          grunt_temple_overflow_open, minmay_fractal_squares_5, uniq_pikel,
          uniq_edmund
D:5:      layout_loops_ring, kennysheep_vampire_church, uniq_blork_the_orc
D:6:      layout_loops_ring, portal_sewer_entry_f, minmay_misc_feat_iff
D:7:      layout_loops_ring, overflow_temple_1_default, bloody_makhleb,
          temple_statues, gammafunk_ghost_abyssal_escape,
          kennysheep_generic_room_10
D:8:      layout_gridville, lair_entry_dummy
D:9:      layout_basic, kennysheep_mini_moat, minmay_orc_entry_guard_dogs
D:10:     layout_irregular_city, nicolae_overflow_crystal_walls, uniq_snorg,
          uniq_nergalle, uniq_erolcha
D:11:     layout_roguey, minivault_4
D:12:     layout_long_grid
D:13:     layout_long_grid, gauntlet_entry_generic, uniq_jorgrun, uniq_rupert

Skill      XL: |  1  2  3  4  5  6  7  8  9 10 11 12 13 |
---------------+----------------------------------------+-----
Maces & Flails | 2 3 4 5 6 8 9 10 11 | 11.2
Fighting       | 4 5 6 8 10 11 12 13 | 13.5
Armour         | 3 4 5 6 7 8 |  8.5
Dodging        | 1 2 3 4 5 6 7 |  7.8
Shields        | 3 4 |  4.0
Invocations    | 1 3 4 5 6 7 8 9 |  9.9

Action                   |  1- 3 |  4- 6 |  7- 9 | 10-12 | 13-15 || total
-------------------------+-------+-------+-------+-------+-------++-------
Melee: Flail             |    19 |       |       |       |       ||    19
       Club              |    22 |       |       |       |       ||    22
       Mace              |    66 |   178 |    61 |       |       ||   305
       Whip              |       |       |   558 |   788 |       ||  1346
       Eveningstar       |       |       |       |   179 |   142 ||   321
Invok: Heroism           |       |     2 |     2 |    15 |     3 ||    22
       Finesse           |       |       |       |     5 |     2 ||     7
Evoke: Wand              |       |       |     1 |     1 |       ||     2
  Use: Potion            |       |     1 |     1 |     5 |     1 ||     8
       Scroll            |       |     1 |     4 |    19 |     3 ||    27
 Stab: Sleeping          |       |       |     1 |       |       ||     1
Armor: Scale mail        |    58 |    69 |   240 |       |       ||   367
       Steam dragon scal |       |       |    30 |   249 |       ||   279
       Ring mail         |       |       |       |   277 |    51 ||   328
Dodge: Dodged            |    45 |    69 |   220 |   522 |    85 ||   941
Block: Buckler           |    16 |    30 |   136 |   256 |   102 ||   540

Table legend: (Time is in decaauts)
 A = Elapsed time spent in this place.
 B = Non-inter-level travel time spent in this place.
 C = Inter-level travel time spent in this place.
 D = Time resting spent in this place.
 E = Time spent auto-exploring this place.
 F = Levels seen in this place.
 G = Mean time per level.
                   A        B        C        D        E       F      G
               +--------+--------+--------+--------+--------+-----+--------+
         Total |  18965 |  18499 |    466 |   3489 |  11323 |  15 | 1264.3 |
       Dungeon |  17828 |  17362 |    466 |   2943 |  11066 |  13 | 1371.4 |
         Sewer |    369 |    369 |      0 |      0 |    153 |   1 |  369.0 |
      Gauntlet |    767 |    767 |      0 |    546 |    103 |   1 |  767.0 |
               +--------+--------+--------+--------+--------+-----+--------+

Top non-repeatable levels by time:
    D:12: 2071 daAuts
     D:8: 1911 daAuts
     D:3: 1736 daAuts
    D:11: 1692 daAuts
     D:6: 1619 daAuts
    D:10: 1554 daAuts
     D:4: 1398 daAuts
    D:13: 1142 daAuts
     D:9: 1047 daAuts
     D:1: 1013 daAuts
     D:2: 960 daAuts
     D:5: 856 daAuts
     D:7: 825 daAuts
Gauntlet: 767 daAuts
   Sewer: 369 daAuts
